 Dungeon Crawl Stone Soup version 0.28-a0-768-g8c92f1e708 (webtiles) character file.

Game seed: 13031980368557252022

37368 Johnny the Fencer (level 14, -22/180 HPs)
             Began as a Human Berserker on Oct 31, 2021.
             Was a Priest of Trog.
             Constricted to death by a shambling mangrove (23 damage)
             ... on level 5 of the Lair of Beasts.
             The game lasted 00:15:21 (24048 turns).

Johnny the Fencer (Human Berserker)                Turns: 24048, Time: 00:15:22

Health: -22/180    AC:  6    Str: 22    XL:     14   Next: 28%
Magic:  14/14      EV:  4    Int:  7    God:    Trog [***...]
Gold:   1005       SH:  0    Dex: 14    Spells: 13/13 levels left

rFire   + . .      SeeInvis .   z - +2 scimitar (flame)
rCold   + . .      Faith    .   (no shield)
rNeg    + . .      Spirit   .   I - +2 plate armour {rF+}
rPois   .          Reflect  .   (no helmet)
rElec   .          Harm     .   (no cloak)
rCorr   .          Rampage  .   t - +1 pair of gloves
Will    +++..                   (no boots)
Stlth   ..........              (no amulet)
HPRegen 1.40/turn               s - ring of protection from cold
MPRegen 0.14/turn               J - ring of positive energy

@: berserking (expiring), lethally poisoned (-22 -> -24), grasped by roots,
strong-willed, corroded, regenerating, slowed, constricted
A: no striking features
a: Renounce Religion, Berserk, Trog's Hand


You were on level 5 of the Lair of Beasts.
You worshipped Trog.
Trog was most pleased with you.
You visited 3 branches of the dungeon, and saw 17 of its levels.

You collected 1005 gold pieces.

Inventory:

Hand Weapons
 a - a +0 falchion of chaos
 k - a +0 short sword of draining
 z - a +2 scimitar of flaming (weapon)
Armour
 f - a +0 ring mail
 t - a +1 pair of gloves (worn)
 I - a +2 plate armour of fire resistance (worn)
Jewellery
 s - a ring of protection from cold (left hand)
 J - a ring of positive energy (right hand)
Wands
 u - a wand of polymorph (1)
 G - a wand of digging (14)
Scrolls
 b - 8 scrolls of enchant armour
 c - 4 scrolls of immolation
 d - a scroll of silence
 j - 6 scrolls of teleportation
 l - 3 scrolls of fear
 n - 3 scrolls of noise
 r - 5 scrolls of amnesia
 w - a scroll of fog
 y - a scroll of identify
 C - a scroll of magic mapping
Potions
 g - a potion of haste
 h - 3 potions of mutation
 i - 7 potions of curing
 m - 2 potions of attraction
 o - 10 potions of degeneration
 p - a potion of ambrosia
 q - 2 potions of lignification
 v - 2 potions of flight
 x - 2 potions of heal wounds
 B - 3 potions of brilliance
 E - 3 potions of invisibility
 F - 2 potions of cancellation
 H - 2 potions of might
Miscellaneous
 A - a phantom mirror


   Skills:
 + Level 14.0 Fighting
 * Level 19.1 Long Blades
 - Level 2.0 Armour
 - Level 2.0 Dodging


You had 13 spell levels left.
You didn't know any spells.
Your spell library was empty.

Dungeon Overview and Level Annotations

Branches:
Dungeon (11/15)            Temple (0/1) D:7            Lair (5/6) D:10
 Shoals (1/4) Lair:3       Spider (0/4) Lair:2          Orc (0/2) D:11
  Slime: Lair:5-6

Altars:
Elyvilon
Gozag
Kikubaaqudgha
Qazlal
Vehumet
Yredelemnul
Zin

Annotations:
D:6 1 runed translucent door
Lair:5 exclusion: 3 oklob plants


Message History

Your skin crawls.
You feel strong-willed.
You can no longer call in reinforcements.
Roots burst forth from the earth!
The grasping roots grab you! The grasping roots constrict you!!
A red film seems to cover your vision as you go berserk!
You feel yourself moving faster!
You feel mighty!
You escape the roots' grasp.
You feel a strong urge to attack something.
The shambling mangrove hits you!!
You slash the shambling mangrove! You burn the shambling mangrove.
The shambling mangrove is lightly damaged.
You hit the shambling mangrove. You burn the shambling mangrove.
The shambling mangrove is moderately damaged.
Roots burst forth from the earth!
The grasping roots grab you! The grasping roots constrict you!
You slice the shambling mangrove!! You burn the shambling mangrove!
The shambling mangrove is heavily damaged.
You hit the shambling mangrove but do no damage.
The shambling mangrove is heavily damaged.
You hit the shambling mangrove. You burn the shambling mangrove.
The shambling mangrove is severely damaged.
Angry insects surge out from beneath the shambling mangrove's foliage!
The shambling mangrove hits you!!
* * * LOW HITPOINT WARNING * * *
The grasping roots constrict you!
* * * LOW HITPOINT WARNING * * *
You hit the shambling mangrove but do no damage.
The shambling mangrove is heavily damaged.
You slash the shambling mangrove! You burn the shambling mangrove.
The shambling mangrove is almost destroyed.
The hornet stings you!
* * * LOW HITPOINT WARNING * * *
You are poisoned.
You feel yourself slow down. The shambling mangrove hits you!!
* * * LOW HITPOINT WARNING * * *
The grasping roots constrict you!!
You die...

####### #...#.#
### ....#.#
#.## .....##
###..## .....#
###.....#
†....###
#....yy.##
.......#
##....@f..#
.....#.#
#.....#y..#
......##
#....##...#
.....#.#
##...###...#
......####....#
#...#
............#.#
....#
.....###....###
...## ......
###.## ....#
.....## ###
....#


You could see a shambling mangrove and 3 hornets.

Vanquished Creatures
  Harold (Lair:1)
  Fannar (D:10)
  A hydra (Lair:1)
  2 catoblepae
  A boulder beetle (Lair:5)
  2 centaur warriors (D:8)
  4 two-headed ogres
  5 death yaks
  Sonja (Lair:1)
  Pikel (D:6)
  An ugly thing (D:8)
  An oklob plant (Lair:4)
  2 cyclopes
  4 elephants (Lair:2)
  A manticore (D:11)
  A centaur zombie (D:11)
  A merfolk siren (Lair:3)
  5 black mambas
  6 cane toads
  A rime drake (Lair:2)
  A freezing wraith (D:11)
  12 komodo dragons
  A polar bear (Lair:4)
  19 yaks
  A hornet (Lair:4)
  14 blink frogs
  A dream sheep (Lair:3)
  A vampire (D:8)
  2 shadows
  4 wyverns
  A hog (Lair:2)
  3 wraiths
  A basilisk (Lair:2)
  A vampire mosquito (D:8)
  An acid dragon (D:9)
  10 water moccasins
  3 ice beasts (D:6)
  5 orc warriors
  A sky beast (D:7)
  3 black bears
  6 wolves (Lair:2)
  An ogre (D:5)
  A swamp drake (D:11)
  3 centaurs
  A phantom (D:6)
  A kobold brigand (D:9)
  10 bullfrogs
  4 scorpions
  A water moccasin zombie (D:6)
  A water moccasin skeleton (D:5)
  3 killer bees (D:9)
  A wight (D:9)
  2 howler monkeys
  A crimson imp (D:7)
  2 jellies
  3 hounds
  6 orc priests
  A bullfrog skeleton (D:6)
  A gnoll shaman (D:8)
  An iguana (D:7)
  3 orc wizards
  2 scorpion zombies
  3 gnolls (D:8)
  7 adders
  2 shadow imps
  A white imp (D:7)
  3 ufetubi (D:6)
  2 adder skeletons (D:4)
  A worm (D:2)
  A dart slug (D:2)
  27 orcs
  9 ball pythons
  6 bats
  4 endoplasms
  A giant cockroach (D:3)
  6 goblins
  9 hobgoblins
  3 jackals (D:1)
  8 kobolds
  A quokka (D:1)
  A frilled lizard (D:3)
  4 rats (D:3)
281 creatures vanquished.

Vanquished Creatures (collateral kills)
  2 death yaks (Lair:5)
  An elephant (Lair:3)
  A torpor snail (Lair:3)
  A cane toad (Lair:3)
  4 yaks
  An orc warrior (D:11)
  An orc wizard (D:11)
11 creatures vanquished.

Vanquished Creatures (others)
  A yak (D:8)
  5 fungi
  4 plants
10 creatures vanquished.

Grand Total: 302 creatures vanquished

Notes
Turn   | Place    | Note
-------+----------+-------------------------------------------
     0 | D:1      | Johnny the Human Berserker began the quest for the Orb.
     0 | D:1      | Reached XP level 1. HP: 18/18 MP: 1/1
   231 | D:1      | Reached XP level 2. HP: 20/24 MP: 2/2
   533 | D:1      | Found a faded altar of an unknown god.
   836 | D:1      | Reached XP level 3. HP: 18/29 MP: 3/3
  1499 | D:2      | Reached ** piety under Trog
  1593 | D:2      | Reached skill level 4 in Long Blades
  2081 | D:3      | Reached XP level 4. HP: 33/35 MP: 4/4
  2501 | D:3      | Found a white marble altar of Elyvilon.
  2505 | D:3      | You fall into a shaft and drop 1 floor!
  2559 | D:4      | Reached XP level 5. HP: 34/42 MP: 5/5
  2715 | D:4      | Reached skill level 5 in Long Blades
  3285 | D:4      | Noticed a black bear
  3293 | D:4      | Killed a black bear
  3294 | D:4      | Reached XP level 6. HP: 49/49 MP: 6/6
  3340 | D:4      | Reached skill level 6 in Long Blades
  3646 | D:4      | Reached *** piety under Trog
  3647 | D:4      | Reached XP level 7. HP: 52/55 MP: 7/7
  3722 | D:5      | Entered Level 5 of the Dungeon
  3854 | D:5      | Reached skill level 5 in Fighting
  3891 | D:5      | Noticed a water moccasin
  3902 | D:5      | Killed a water moccasin
  4030 | D:5      | Reached skill level 7 in Long Blades
  4144 | D:5      | Reached XP level 8. HP: 63/63 MP: 8/8
  4775 | D:6      | Reached skill level 8 in Long Blades
  4884 | D:6      | Found a basalt altar of Yredelemnul.
  4913 | D:6      | Noticed Pikel
  4927 | D:6      | Killed Pikel
  4928 | D:6      | Reached skill level 9 in Long Blades
  4928 | D:6      | Reached XP level 9. HP: 71/71 MP: 9/9
  5515 | D:6      | Reached skill level 10 in Long Blades
  5707 | D:6      | Found a radiant altar of Vehumet.
  6057 | D:6      | Found a runed translucent door.
  6790 | D:7      | Found a staircase to the Ecumenical Temple.
  6840 | D:7      | Found a glowing silver altar of Zin.
  6841 | D:7      | Found an ancient bone altar of Kikubaaqudgha.
  6842 | D:7      | Found an opulent altar of Gozag.
  7720 | D:8      | Killed a yak
  7721 | D:8      | Reached skill level 11 in Long Blades
  7721 | D:8      | Reached XP level 10. HP: 75/80 MP: 10/10
  7848 | D:8      | Noticed a centaur warrior
  7863 | D:8      | Killed a centaur warrior
  7883 | D:8      | Reached **** piety under Trog
  8098 | D:8      | Noticed a centaur warrior
  8114 | D:8      | Killed a centaur warrior
  8115 | D:8      | Reached skill level 12 in Long Blades
  8253 | D:8      | Noticed a green ugly thing
  8271 | D:8      | Killed a green ugly thing
  8548 | D:8      | Found a stormy altar of Qazlal.
  8810 | D:8      | Noticed a catoblepas
  8837 | D:8      | Killed a catoblepas
  9256 | D:8      | Reached skill level 13 in Long Blades
  9509 | D:8      | Identified the +7 long sword "Tormentor" {speed, rN+}
  9662 | D:9      | Noticed a two-headed ogre
  9671 | D:9      | Killed a two-headed ogre
  9672 | D:9      | Reached XP level 11. HP: 90/90 MP: 11/11
 10194 | D:9      | Reached skill level 10 in Fighting
 11226 | D:8      | Noticed a cyclops
 11239 | D:8      | Killed a cyclops
 11240 | D:8      | Reached skill level 14 in Long Blades
 11605 | D:10     | Entered Level 10 of the Dungeon
 11620 | D:10     | Found a staircase to the Lair.
 12061 | D:10     | Noticed a two-headed ogre
 12069 | D:10     | Killed a two-headed ogre
 12517 | D:11     | Noticed a manticore
 12521 | D:11     | Killed a manticore
 12526 | D:11     | Noticed Fannar
 12723 | D:10     | Killed Fannar
 12794 | D:11     | Noticed a cyclops
 12801 | D:11     | Killed a cyclops
 12882 | D:11     | Noticed a two-headed ogre
 12889 | D:11     | Killed a two-headed ogre
 12890 | D:11     | Reached skill level 15 in Long Blades
 12890 | D:11     | Reached XP level 12. HP: 100/100 MP: 12/12
 13427 | D:11     | Found a staircase to the Orcish Mines.
 13835 | D:11     | Noticed a two-headed ogre
 13848 | D:11     | Killed a two-headed ogre
 14843 | Lair:1   | Entered Level 1 of the Lair of Beasts
 15265 | Lair:1   | Noticed Harold
 15286 | Lair:1   | Killed Harold
 15460 | Lair:1   | Reached skill level 16 in Long Blades
 15872 | Lair:1   | Found a stormy altar of Qazlal.
 15985 | Lair:1   | Noticed a four-headed hydra
 15985 | Lair:1   | Noticed Sonja
 16003 | Lair:1   | Killed a 14-headed hydra
 16008 | Lair:1   | Killed Sonja
 16359 | Lair:1   | You fall into a shaft and drop 1 floor!
 17551 | Lair:2   | Reached XP level 13. HP: 108/108 MP: 13/13
 17686 | Lair:2   | Found a hole to the Spider Nest.
 17788 | Lair:2   | Reached skill level 17 in Long Blades
 18916 | Lair:3   | Found a staircase to the Shoals.
 20007 | Lair:3   | Reached skill level 18 in Long Blades
 20686 | Shoals:1 | Entered Level 1 of the Shoals
 22669 | Lair:5   | Reached XP level 14. HP: 118/118 MP: 14/14
 23346 | Lair:5   | Reached skill level 19 in Long Blades
 24048 | Lair:5   | HP: 1/180 [shambling mangrove (20)]
 24048 | Lair:5   | Constricted to death by a shambling mangrove

Illustrated notes

Levels and vault maps discovered:
D:1:      lightli_arrival_boilingwater, layout_basic,
          hellmonk_ecumenical_altar_blasted
D:2:      layout_rooms, minmay_misc_feat_four_crosses
D:3:      layout_loops_ring, kennysheep_flooded_box,
          minmay_misc_feat_secret_circle, nicolae_underground_beach
D:4:      layout_loops_cross, chequers_garden
D:5:      layout_rooms
D:6:      layout_layer_cave, vehumet_altar_wand_db,
          mainiacjoe_overflow_six_doors_small, lightli_church_of_beogh,
          uniq_pikel
D:7:      layout_loops_corners, minitemple, minmay_temple_entry_trees,
          minmay_fire_ice_demons
D:8:      minmay_diamond_stairs, layout_layer_cave, kennysheep_mini_moat
D:9:      minmay_slanted_spiral_squares, layout_long_grid, lightli_orcish_oven
D:10:     layout_roguey, lair_entry_dummy, kennysheep_crisscross,
          corexii_checkpoint_b
D:11:     layout_long_grid, erik_orc_1, minmay_misc_feat_columns, uniq_fannar
Lair:1:   layout_loops_ring, basic_altar, grunt_megastairs_1,
          serial_bayou_shore_b, uniq_sonja, uniq_harold
Lair:2:   layout_layer_cave, nicolae_spider_entry_orb_guardian
Lair:3:   nzn_winding_woodlands_small [nzn_winding_woodlands_5x15_sawtooth,
          nzn_winding_woodlands_center_triple_pond,
          nzn_winding_woodlands_5x15_sidewinder], layout_cave_pods,
          minmay_shoals_entry_lonely_mermaid, beast_lair_carwin_1,
          lemuel_fruit_fields, lemuel_fruit_fields, lemuel_fruit_tree
Lair:4:   layout_cellular_growth, minivault_19, infiniplex_staircase_pool_2,
          grunt_megastairs_3
Lair:5:   layout_long_grid, minmay_slime_entry_oklob_enclosed,
          infiniplex_staircase_pool, grunt_megastairs_5
Shoals:1: layout_shoals, gammafunk_ghost_tricky_traps

Skill      XL: |  1  2  3  4  5  6  7  8  9 10 11 12 13 14 |
---------------+-------------------------------------------+-----
Long Blades    | 4 5 6 7 9 11 13 15 16 18 19 | 19.1
Fighting       | 4 5 6 8 9 11 12 13 14 | 14.0
Armour         | |  2.0
Dodging        | |  2.0

Action                   |  1- 3 |  4- 6 |  7- 9 | 10-12 | 13-15 || total
-------------------------+-------+-------+-------+-------+-------++-------
Melee: Falchion          |   135 |       |       |    16 |       ||   151
       Short sword       |     1 |    95 |   309 |   148 |       ||   553
       Scimitar          |       |       |       |   344 |   294 ||   638
Throw: Throwing net      |       |       |       |     1 |     2 ||     3
Invok: Berserk           |     3 |     2 |     5 |    28 |     8 ||    46
       Trog's Hand       |       |       |       |    12 |     7 ||    19
       Brothers in Arms  |       |       |       |     1 |     2 ||     3
Evoke: Wand              |       |       |     6 |    20 |    26 ||    52
  Use: Potion            |     3 |       |       |     1 |     2 ||     6
       Scroll            |       |       |     6 |    19 |     5 ||    30
 Stab: Held in net/web   |       |       |       |       |     3 ||     3
       Paralysed         |       |       |       |       |     2 ||     2
Armor: Animal skin       |    11 |       |       |       |       ||    11
       Ring mail         |    52 |    46 |   130 |    81 |       ||   309
       Plate armour      |       |       |       |    80 |    84 ||   164
Dodge: Dodged            |   114 |    53 |   136 |   204 |    71 ||   578

Table legend: (Time is in decaauts)
 A = Elapsed time spent in this place.
 B = Non-inter-level travel time spent in this place.
 C = Inter-level travel time spent in this place.
 D = Time resting spent in this place.
 E = Time spent auto-exploring this place.
 F = Levels seen in this place.
 G = Mean time per level.
                   A        B        C        D        E       F      G
               +--------+--------+--------+--------+--------+-----+--------+
         Total |  24242 |  23518 |    724 |   5198 |  15785 |  17 | 1426.0 |
       Dungeon |  15251 |  14647 |    604 |   3840 |   8999 |  11 | 1386.5 |
          Lair |   8989 |   8870 |    119 |   1358 |   6786 |   5 | 1797.8 |
        Shoals |      1 |      1 |      0 |      0 |      0 |   1 |    1.0 |
               +--------+--------+--------+--------+--------+-----+--------+

Top non-repeatable levels by time:
    D:11: 2398 daAuts
     D:8: 2340 daAuts
  Lair:3: 2266 daAuts
     D:6: 2040 daAuts
  Lair:4: 1911 daAuts
     D:9: 1783 daAuts
  Lair:1: 1764 daAuts
  Lair:2: 1648 daAuts
     D:1: 1426 daAuts
  Lair:5: 1398 daAuts
     D:7: 1243 daAuts
    D:10: 983 daAuts
     D:4: 854 daAuts
     D:3: 836 daAuts
     D:5: 676 daAuts
